 Dungeon Crawl Stone Soup version 0.28-a0-1429-gf3d713df7a (webtiles) character file.

Game seed: 10324654153726802091

97 leviel the Skirmisher (level 4, 0/40 (41) HPs)
             Began as a Hill Orc Fighter on Jan 8, 2022.
             Slain by an orc (1 damage)
             ... on level 4 of the Dungeon.
             The game lasted 00:02:31 (2810 turns).

leviel the Skirmisher (Hill Orc Fighter)            Turns: 2810, Time: 00:02:32

HP:   0/40 (41)     AC:  8    Str: 24    XL:     4   Next: 68%
MP:   4/4           EV: 13    Int: 10    God:
Gold: 154           SH:  4    Dex: 10    Spells: 3/3 levels left

rFire   . . .      SeeInvis .   a - +0 war axe
rCold   + . .      Faith    .   c - +0 buckler
rNeg    . . .      Spirit   .   b - +0 scale mail
rPois   .          Reflect  .   (no helmet)
rElec   .          Harm     .   (no cloak)
rCorr   .          Rampage  .   l - +0 pair of gloves
Will    +....                   (no boots)
Stlth   ..........              (no amulet)
HPRegen 0.13/turn               m - ring "Iploll" {rC+ Will+ Str+6}
MPRegen 0.09/turn               p - +4 ring of evasion

@: lightly drained
A: no striking features
a: no special abilities


You were on level 4 of the Dungeon.
You visited 1 branch of the dungeon, and saw 4 of its levels.

You collected 154 gold pieces.

Inventory:

Hand Weapons
 a - a +0 war axe (weapon)
Armour
 b - a +0 scale mail (worn)
 c - a +0 buckler (worn)
 l - a +0 pair of gloves (worn)
Jewellery
 m - the ring "Iploll" (left hand) {rC+ Will+ Str+6}
   (You took it off a hobgoblin on level 2 of the Dungeon)

   [ring of strength]

   Str:       It affects your strength (+6).
   rC:        It protects you from cold.
   Will:      It increases your willpower.
 p - a +4 ring of evasion (right hand)
Scrolls
 h - a scroll of summoning {unknown}
 k - a scroll of identify {unknown}
 n - 2 scrolls of teleportation {unknown}
 o - a scroll of immolation {unknown}
 q - a scroll of holy word {unknown}
Potions
 d - a potion of might
 e - a potion of heal wounds {unknown}
 f - 2 potions of mutation {unknown}
 g - 3 potions of lignification {unknown}
 i - 3 potions of ambrosia {unknown}
 j - a potion of cancellation {unknown}
 r - 2 potions of curing {unknown}


   Skills:
 + Level 4.5 Fighting
 + Level 3.9 Axes
 + Level 4.0 Armour
 + Level 4.0 Shields


You had 3 spell levels left.
You didn't know any spells.
Your spell library contained the following spells:

 Spells                   Type           Power      Damage    Failure   Level
 Airstrike                Air            0%         N/A       100%        4
 Summon Lightning Spire   Summ/Air       0%         N/A       100%        4
 Lightning Bolt           Conj/Air       0%         1d11      100%        5


Dungeon Overview and Level Annotations

Branches:
Dungeon (4/15)
 Temple: D:4-7

Altars:
Ashenzari
Qazlal
Trog
Xom


Message History

The orc wizard flickers and vanishes!
Deactivating autopickup; reactivate with Ctrl-A.
The hobgoblin rages.
The hobgoblin completely misses you. The hobgoblin closely misses you.
The hobgoblin closely misses you.
The hobgoblin rages.
You block the hobgoblin's attack. The hobgoblin closely misses you.
You see here a +0 ring mail.
The hobgoblin is no longer berserk.
The hobgoblin hits you but does no damage.
The hobgoblin looks more energetic.
You hit the hobgoblin.
The hobgoblin is almost dead.
The hobgoblin hits you but does no damage.
The hobgoblin closely misses you.
You completely miss the hobgoblin.
The hobgoblin is almost dead.
You block the hobgoblin's attack.
You barely miss the hobgoblin.
The hobgoblin is almost dead.
The hobgoblin barely misses you.
You hit the hobgoblin.
You kill the hobgoblin!
You slash something! The orc barely misses you. Something hits you.
The orc hits you but does no damage. Something barely misses you.
You miss something.
The orc hits you from afar with a +2 vorpal trident.
* * * LOW HITPOINT WARNING * * *
x2 Something hits you but does no damage.
An orc wizard appears from thin air!
Reactivating autopickup.
You barely miss the orc wizard.
The orc wizard is heavily wounded.
The orc wizard hits you with a +0 dagger.
* * * LOW HITPOINT WARNING * * *
The orc hits you from afar with a +2 vorpal trident.
* * * LOW HITPOINT WARNING * * *
You die...

#.....##.# ##'## #..#.P
#.....# # #.# #..#.P
#....###.# #.# #..#..
#........# ##.## ####
###.###########...#### #.#
#[#................## #.#
#..o....###.#.......# #.#
###.###..........#..#####.#
#.# #####@#.#...........#
#.#######o#.#.....#######
#..o.oo.o.#......##
##################


You could see an orc wizard and an orc.

Vanquished Creatures
  A centaur skeleton (D:4)
  A worm (D:3)
  A dart slug (D:3)
  An orc (D:4)
  7 endoplasms
  A giant cockroach (D:2)
  11 hobgoblins
  6 jackals
  3 quokkas
  6 ball pythons
  4 bats
  5 frilled lizards
  2 goblins (D:3)
  5 kobolds
  4 rats (D:1)
58 creatures vanquished.

Notes
Turn   | Place    | Note
-------+----------+-------------------------------------------
     0 | D:1      | leviel the Hill Orc Fighter began the quest for the Orb.
     0 | D:1      | Reached XP level 1. HP: 19/19 MP: 1/1
   685 | D:1      | Reached XP level 2. HP: 27/27 MP: 2/2
  1078 | D:2      | Reached XP level 3. HP: 29/33 MP: 3/3
  1248 | D:2      | Found a stormy altar of Qazlal.
  1542 | D:2      | Identified the ring "Iploll" {rC+ Will+ Str+6}
  2063 | D:3      | Found a faded altar of an unknown god.
  2237 | D:3      | Reached XP level 4. HP: 33/36 MP: 4/4
  2261 | D:3      | Found a shimmering altar of Xom.
  2673 | D:4      | Found a broken altar of Ashenzari.
  2687 | D:4      | Found a bloodstained altar of Trog.
  2810 | D:4      | HP: 1/40 [orc (3)]
  2810 | D:4      | Slain by an orc

Illustrated notes

Levels and vault maps discovered:
D:1:      nzn_arrival_depleted_hourglass, layout_basic
D:2:      layout_rooms, basic_altar
D:3:      layout_loops_ring, xom_teletrap_fun, serial_glass, glass_columns_b,
          glass_columns_a, basic_ecumenical_altar
D:4:      layout_loops_corners, bloody_trog, mainiacjoe_overflow_alcove_4,
          st_stairs_9

Skill      XL: |  1  2  3  4 |
---------------+-------------+-----
Axes           | 3 |  3.9
Fighting       | 4 |  4.5
Armour         | 4 |  4.0
Shields        | 4 |  4.0

Action                   |  1- 3 |  4- 6 || total
-------------------------+-------+-------++-------
Melee: War axe           |   167 |    27 ||   194
Armor: Scale mail        |    80 |    19 ||    99
Dodge: Dodged            |    80 |    24 ||   104
Block: Buckler           |    37 |     4 ||    41

Table legend: (Time is in decaauts)
 A = Elapsed time spent in this place.
 B = Non-inter-level travel time spent in this place.
 C = Inter-level travel time spent in this place.
 D = Time resting spent in this place.
 E = Time spent auto-exploring this place.
 F = Levels seen in this place.
 G = Mean time per level.
                   A        B        C        D        E       F      G
               +--------+--------+--------+--------+--------+-----+--------+
         Total |   2881 |   2796 |     85 |      0 |   2308 |   4 |  720.2 |
       Dungeon |   2881 |   2796 |     85 |      0 |   2308 |   4 |  720.2 |
               +--------+--------+--------+--------+--------+-----+--------+

Top non-repeatable levels by time:
     D:1: 1087 daAuts
     D:2: 931 daAuts
     D:3: 623 daAuts
     D:4: 238 daAuts
